Pirates vs Barracuda

Created - Monday, December 28, 2015 at 23:21

Goals
1 2 3 T
Pirates 0 0 0 0
Barracuda 1 0 0 1
Shots
1 2 3 T
Pirates 4 6 4 14
Barracuda 8 2 11 21

1st period

1. Barracuda , Jayson Megna 7 (Vincent Lecavalier, Andy Andreoff) at 15:54 (PP)

Penalties :
Maxime Fortunus (SJO) for Fighting (Major) at 2:20, Reid McNeill (POR) for Fighting (Major) at 2:20, Jayson Megna (SJO) for Interference (Minor) at 3:02, Kerby Rychel (POR) for Holding (Minor) at 6:18, Andrey Pedan (POR) for Hooking (Minor) at 14:53

2nd period

No Goal

Penalties :
No Penalty

3rd period

No Goal

Penalties :
Tim Erixon (POR) for Roughing (Double Minor) at 2:33

Goalie Stats

Matt Hackett (POR), 20 saves from 21 shots - (0.952), L, 11-12-6, 60:00 minutes
Joey MacDonald (SJO), 14 saves from 14 shots - (1.000), W, 11-8-9, 60:00 minutes

Players Stats for Pirates

Player Name              G  A  P  +/- PIM S  H  SB GA TA FO     MP     PP MP  PK MP  
------------------------------------------------------------------------------------
Andrey Pedan             0  0  0   0  2   0  3  2  0  0  0/0    22:29   0:00   2:05 
Anthony Duclair          0  0  0   0  0   0  0  0  1  2  0/7    19:10   0:57   2:20 
C.J. Ludwig              0  0  0   0  0   1  1  0  0  1  0/0     6:25   0:00   0:00 
Daniel Carcillo          0  0  0   0  0   1  1  1  1  1  1/1    20:08   1:02   1:24 
Danny Kristo             0  0  0   0  0   2  1  0  5  0  1/2    19:50   0:57   0:34 
Henrik Samuelsson        0  0  0   0  0   2  1  0  1  0  1/2    19:25   0:00   2:46 
Johan Sundstrom          0  0  0   0  0   2  0  0  0  1  4/7    17:51   1:02   2:42 
John Persson             0  0  0   0  0   0  0  0  1  0  0/0     5:39   0:00   0:00 
Keith Aulie              0  0  0   0  0   0  0  0  0  0  0/0     0:00   0:00   0:00 
Kerby Rychel             0  0  0   0  2   3  2  2  2  1  1/1    17:40   0:57   0:33 
Martin Frk               0  0  0   0  0   0  3  0  3  0  0/0    15:28   0:00   0:00 
Reid McNeill             0  0  0   0  5   0  2  0  0  1  0/0    20:39   0:00   3:28 
Ryan Potulny             0  0  0   0  0   0  0  0  0  0  5/7    10:50   0:00   1:28 
Sebastian Collberg       0  0  0   0  0   0  0  1  0  0  0/0     5:39   0:00   0:00 
Steve Spinell            0  0  0   0  0   0  2  2  1  1  0/0    21:34   1:05   0:59 
Tim Erixon               0  0  0   0  4   1  1  1  3  1  0/0    24:12   1:46   2:25 
Will O'Neill             0  0  0   0  0   0  2  3  0  0  0/0    25:16   1:07   5:10 
Zack Stortini            0  0  0   0  0   2  5  1  1  0  4/6    20:51   1:02   2:11 

Players Stats for Barracuda

Player Name              G  A  P  +/- PIM S  H  SB GA TA FO     MP     PP MP  PK MP  
------------------------------------------------------------------------------------
Alexandre Bolduc         0  0  0   0  0   3  1  0  2  1  1/1    20:43   2:55   1:21 
Andy Andreoff            0  1  1   0  0   1  2  0  5  1  0/0    18:26   3:30   0:00 
Bobby Farnham            0  0  0   0  0   4  3  0  2  1  3/7    15:39   0:00   0:00 
Danny Syvret             0  0  0   0  0   0  2  0  0  0  0/0    26:33   3:49   1:18 
Dominik Uher             0  0  0   0  0   0  0  0  0  0  0/0    15:51   0:00   0:00 
Eric Selleck             0  0  0   0  0   0  0  0  0  0  0/0     7:51   0:34   0:38 
Jayson Megna             1  0  1   0  2   1  3  0  1  0  1/3    18:42   3:30   0:00 
Joey Mormina             0  0  0   0  0   0  1  0  0  2  0/0    19:36   1:03   0:38 
Louis Leblanc            0  0  0   0  0   3  2  0  0  2  0/1    17:28   0:00   0:23 
Marek Hrivik             0  0  0   0  0   1  0  0  1  0  0/0    18:27   3:29   0:00 
Mark Fistric             0  0  0   0  0   0  2  0  0  0  0/0    16:46   3:51   0:41 
Maxime Fortunus          0  0  0   0  5   1  1  2  2  3  0/0    22:30   2:07   0:00 
Mike Halmo               0  0  0   0  0   0  0  0  0  0  0/0     0:32   0:00   0:00 
Patrick McNeill          0  0  0   0  0   0  0  0  0  0  0/0    13:54   0:00   0:00 
Ryan Hamilton            0  0  0   0  0   6  5  0  1  0  4/8    17:44   3:16   0:00 
Rylan Schwartz           0  0  0   0  0   0  1  0  0  0  0/0     5:42   0:35   0:00 
Taylor Chorney           0  0  0   0  0   1  1  0  1  0  0/0    20:40   3:08   1:21 
Vincent Lecavalier       0  1  1   0  0   0  2  0  1  0  7/13   20:55   3:08   1:36 

3 Stars

1 - Joey MacDonald (SJO)
2 - Matt Hackett (POR)
3 - Jayson Megna (SJO)

Power Play

Pirates - 0 on 1 Attempt(s) - 0.00%
Barracuda - 1 on 4 Attempt(s) - 25.00%

Penalty Kill

Pirates - 3 on 4 Attempt(s) - 75.00% - Score 0 goal in Penalty Kill
Barracuda - 1 on 1 Attempt(s) - 100.00% - Score 0 goal in Penalty Kill

Team Stat

Pirates - Hits : 24 - Faceoff Wins : 17 - Blocked Shots : 13 - Penalty Minutes : 13
Barracuda - Hits : 26 - Faceoff Wins : 16 - Blocked Shots : 2 - Penalty Minutes : 7

Official

Referees : Unknown
Linesman : Unknown

Game Notes

Maxime Fortunus beats up Reid McNeill at 2:20 of 1st period

Finance

Level 1 -- Attendance: 1585 (79.25%) -- Ticket Income $55,475
Level 2 -- Attendance: 755 (75.50%) -- Ticket Income $11,325
Total Attendance: 2340 (78.00%)
Total Ticket Income: $66,800
Other Income: $32,732
Total Income: $99,532

Pirates

5 vs 5 Forward 
   Center                   Left Wing                Right Wing               Time % Phy DF OF 
 1 Anthony Duclair          Henrik Samuelsson        Daniel Carcillo          35     1   2  2  
 2 Zack Stortini            Kerby Rychel             Danny Kristo             30     1   2  2  
 3 Johan Sundstrom          Daniel Carcillo          Zack Stortini            22     1   2  2  
 4 Danny Kristo             Daniel Carcillo          Martin Frk               13     1   2  2  

5 vs 5 Defense 
   Defense                  Defense                                           Time % Phy DF OF 
 1 Tim Erixon               Will O'Neill                                      35     1   2  2  
 2 Steve Spinell            Andrey Pedan                                      30     1   2  2  
 3 Reid McNeill             Tim Erixon                                        22     1   2  2  
 4 Tim Erixon               Will O'Neill                                      13     1   2  2  

PowerPlay Forward 
   Center                   Left Wing                Right Wing               Time % Phy DF OF 
 1 Zack Stortini            Johan Sundstrom          Daniel Carcillo          60     1   2  2  
 2 Anthony Duclair          Kerby Rychel             Danny Kristo             40     1   2  2  

PowerPlay Defense
   Defense                  Defense                                           Time % Phy DF OF 
 1 Tim Erixon               Will O'Neill                                      60     1   2  2  
 2 Reid McNeill             Steve Spinell                                     40     1   2  2  

Penalty Kill 4 Players Forward 
   Center                   Wing                     Time % Phy DF OF 
 1 Zack Stortini            Johan Sundstrom          60     1   2  2  
 2 Daniel Carcillo          Danny Kristo             40     1   2  2  

Penalty Kill 4 Players Defense
   Defense                  Defense                  Time % Phy DF OF 
 1 Will O'Neill             Reid McNeill             60     1   2  2  
 2 Tim Erixon               Andrey Pedan             40     1   2  2  

Penalty Kill - 3 Players Forward 
   Forward                                           Time % Phy DF OF 
 1 Daniel Carcillo                                   60     1   2  2  
 2 Danny Kristo                                      40     1   2  2  

Penalty Kill - 3 Players Defense
   Defense                  Defense                  Time % Phy DF OF 
 1 Will O'Neill             Tim Erixon               60     1   2  2  
 2 Andrey Pedan             Steve Spinell            40     1   2  2  

4 vs 4 Forward 
   Center                   Wing                     Time % Phy DF OF 
 1 Johan Sundstrom          Zack Stortini            60     1   2  2  
 2 Daniel Carcillo          Danny Kristo             40     1   2  2  

4 vs 4 Defense
   Defense                  Defense                  Time % Phy DF OF 
 1 Tim Erixon               Andrey Pedan             60     1   2  2  
 2 Will O'Neill             Steve Spinell            40     1   2  2  

Last Minutes Offensive
   Center                   Left Wing                Right Wing               Defense                  Defense                  
   Anthony Duclair          Danny Kristo             Daniel Carcillo          Tim Erixon               Will O'Neill             

Last Minutes Defensive
   Center                   Left Wing                Right Wing               Defense                  Defense                  
   Anthony Duclair          Danny Kristo             Daniel Carcillo          Tim Erixon               Will O'Neill             

Goaltenders
Starting : Matt Hackett             
Backup : FARM GOALIE10            

Extra Forwards
Normal : Zack Stortini, Daniel Carcillo, Johan Sundstrom - PP : Zack Stortini, Daniel Carcillo - PK : Johan Sundstrom
Extra Defensemen
Normal : Will O'Neill, Reid McNeill, Tim Erixon - PP : Tim Erixon - PK : Will O'Neill, Tim Erixon
Penalty Shots
Johan Sundstrom, Kerby Rychel, Daniel Carcillo, Danny Kristo, Zack Stortini

Barracuda

5 vs 5 Forward 
   Center                   Left Wing                Right Wing               Time % Phy DF OF 
 1 Vincent Lecavalier       Jayson Megna             Andy Andreoff            35     1   2  2  
 2 Ryan Hamilton            Alexandre Bolduc         Marek Hrivik             30     1   2  2  
 3 Bobby Farnham            Louis Leblanc            Dominik Uher             22     1   2  2  
 4 Jayson Megna             Alexandre Bolduc         Vincent Lecavalier       13     1   2  2  

5 vs 5 Defense 
   Defense                  Defense                                           Time % Phy DF OF 
 1 Joey Mormina             Danny Syvret                                      35     1   2  2  
 2 Taylor Chorney           Maxime Fortunus                                   30     1   2  2  
 3 Danny Syvret             Mark Fistric                                      22     1   2  2  
 4 Patrick McNeill          Maxime Fortunus                                   13     1   2  2  

PowerPlay Forward 
   Center                   Left Wing                Right Wing               Time % Phy DF OF 
 1 Vincent Lecavalier       Jayson Megna             Andy Andreoff            60     1   2  2  
 2 Ryan Hamilton            Alexandre Bolduc         Marek Hrivik             40     1   2  2  

PowerPlay Defense
   Defense                  Defense                                           Time % Phy DF OF 
 1 Mark Fistric             Danny Syvret                                      60     1   2  2  
 2 Taylor Chorney           Maxime Fortunus                                   40     1   2  2  

Penalty Kill 4 Players Forward 
   Center                   Wing                     Time % Phy DF OF 
 1 Vincent Lecavalier       Jayson Megna             60     1   2  2  
 2 Alexandre Bolduc         Louis Leblanc            40     1   2  2  

Penalty Kill 4 Players Defense
   Defense                  Defense                  Time % Phy DF OF 
 1 Maxime Fortunus          Danny Syvret             60     1   2  2  
 2 Mark Fistric             Taylor Chorney           40     1   2  2  

Penalty Kill - 3 Players Forward 
   Forward                                           Time % Phy DF OF 
 1 Vincent Lecavalier                                60     1   2  2  
 2 Dominik Uher                                      40     1   2  2  

Penalty Kill - 3 Players Defense
   Defense                  Defense                  Time % Phy DF OF 
 1 Taylor Chorney           Maxime Fortunus          60     1   2  2  
 2 Patrick McNeill          Danny Syvret             40     1   2  2  

4 vs 4 Forward 
   Center                   Wing                     Time % Phy DF OF 
 1 Vincent Lecavalier       Alexandre Bolduc         60     1   2  2  
 2 Jayson Megna             Bobby Farnham            40     1   2  2  

4 vs 4 Defense
   Defense                  Defense                  Time % Phy DF OF 
 1 Danny Syvret             Maxime Fortunus          60     1   2  2  
 2 Taylor Chorney           Mark Fistric             40     1   2  2  

Last Minutes Offensive
   Center                   Left Wing                Right Wing               Defense                  Defense                  
   Vincent Lecavalier       Jayson Megna             Andy Andreoff            Maxime Fortunus          Danny Syvret             

Last Minutes Defensive
   Center                   Left Wing                Right Wing               Defense                  Defense                  
   Vincent Lecavalier       Jayson Megna             Andy Andreoff            Maxime Fortunus          Danny Syvret             

Goaltenders
Starting : Joey MacDonald           
Backup : David Leggio             

Extra Forwards
Normal : Alexandre Bolduc, Vincent Lecavalier, Jayson Megna - PP : Vincent Lecavalier, Alexandre Bolduc - PK : Vincent Lecavalier
Extra Defensemen
Normal : Danny Syvret, Patrick McNeill, Maxime Fortunus - PP : Danny Syvret - PK : Taylor Chorney, Danny Syvret
Penalty Shots
Andy Andreoff, Vincent Lecavalier, Jayson Megna, Ryan Hamilton, Alexandre Bolduc

% Time on Ice - Pirates

Lines # - Real PCT - Wanted PCT - Time Play
Normal Forward
1 - 31% - 35% - 15:34
2 - 30% - 30% - 15:06
3 - 21% - 22% - 10:46
4 - 18% - 13% - 8:50
Normal Defense
1 - 33% - 35% - 16:28
2 - 41% - 30% - 20:35
3 - 21% - 22% - 10:41
4 - 5% - 13% - 2:32
PP Forward
1 - 52% - 60% - 1:02
2 - 48% - 40% - 0:57
PP Defense
1 - 45% - 60% - 0:54
2 - 55% - 40% - 1:05
PK Forward
1 - 92% - 60% - 6:25
2 - 8% - 40% - 0:34
PK Defense
1 - 56% - 60% - 3:55
2 - 44% - 40% - 3:04
PK3 Forward
1 - 0% - 60%
2 - 0% - 40%
PK3 Defense
1 - 0% - 60%
2 - 0% - 40%
44 Forward
1 - 0% - 60%
2 - 0% - 40%
44 Defense
1 - 0% - 60%
2 - 0% - 40%
Last Minute Offensive  - 0:46
Last Minute Defensive  - 0:00
Total
Forward - 60:00
Defense - 60:00

% Time on Ice - Barracuda

Lines # - Real PCT - Wanted PCT - Time Play
Normal Forward
1 - 32% - 35% - 15:52
2 - 31% - 30% - 15:42
3 - 32% - 22% - 16:15
4 - 5% - 13% - 2:21
Normal Defense
1 - 32% - 35% - 15:53
2 - 32% - 30% - 16:11
3 - 22% - 22% - 11:06
4 - 14% - 13% - 7:00
PP Forward
1 - 50% - 60% - 3:30
2 - 50% - 40% - 3:29
PP Defense
1 - 55% - 60% - 3:51
2 - 45% - 40% - 3:08
PK Forward
1 - 81% - 60% - 1:36
2 - 19% - 40% - 0:23
PK Defense
1 - 66% - 60% - 1:18
2 - 34% - 40% - 0:41
PK3 Forward
1 - 0% - 60%
2 - 0% - 40%
PK3 Defense
1 - 0% - 60%
2 - 0% - 40%
44 Forward
1 - 0% - 60%
2 - 0% - 40%
44 Defense
1 - 0% - 60%
2 - 0% - 40%
Last Minute Offensive  - 0:00
Last Minute Defensive  - 0:52
Total
Forward - 60:00
Defense - 60:00

Play by Play

1st period


0:01 of 1st period - Vincent Lecavalier wins face-off versus Anthony Duclair in neutral zone.
0:53 of 1st period - Joey Mormina is hit by Danny Kristo and loses puck.
0:58 of 1st period - Snap shot by Danny Kristo.
0:58 of 1st period - Stopped by Joey MacDonald with a rebound.
1:00 of 1st period - Wrist shot by Kerby Rychel.
1:00 of 1st period - Shot Misses the Net.
1:02 of 1st period - Slapshot by Zack Stortini.
1:02 of 1st period - Stopped by Joey MacDonald without a rebound.
1:03 of 1st period - Zack Stortini wins face-off versus Bobby Farnham in Barracuda zone.
1:25 of 1st period - Icing by Louis Leblanc.
1:26 of 1st period - Bobby Farnham wins face-off versus Johan Sundstrom in Barracuda zone.
1:31 of 1st period - Wrist shot by Daniel Carcillo.
1:31 of 1st period - Shot Misses the Net.
1:33 of 1st period - Slapshot by Tim Erixon.
1:33 of 1st period - Stopped by Joey MacDonald without a rebound.
1:34 of 1st period - Johan Sundstrom wins face-off versus Vincent Lecavalier in Barracuda zone.
2:20 of 1st period - Maxime Fortunus beats up Reid McNeill.
2:20 of 1st period - Penalty to Maxime Fortunus for Fighting.
2:20 of 1st period - Penalty to Reid McNeill for Fighting.
2:21 of 1st period - Ryan Hamilton wins face-off versus Zack Stortini in Pirates zone.
2:29 of 1st period - Slapshot by Patrick McNeill.
2:29 of 1st period - Shot Misses the Net.
2:31 of 1st period - Slapshot by Patrick McNeill.
2:31 of 1st period - Shot Blocked by Andrey Pedan.
2:47 of 1st period - Slapshot by Ryan Hamilton.
2:47 of 1st period - Shot Misses the Net.
2:49 of 1st period - Backhand shot by Ryan Hamilton.
2:49 of 1st period - Stopped by Matt Hackett with a rebound.
2:51 of 1st period - Wrist shot by Ryan Hamilton.
2:51 of 1st period - Stopped by Matt Hackett without a rebound.
2:52 of 1st period - Vincent Lecavalier wins face-off versus Anthony Duclair in Pirates zone.
3:02 of 1st period - Minor Penalty to Jayson Megna for Interference.
3:03 of 1st period - Alexandre Bolduc wins face-off versus Anthony Duclair in Barracuda zone.
4:17 of 1st period - Tim Erixon is hit by Louis Leblanc and loses puck.
5:02 of 1st period - Penalty to Jayson Megna is over, Jayson Megna is back on ice.
5:33 of 1st period - Icing by Daniel Carcillo.
5:34 of 1st period - Ryan Hamilton wins face-off versus Anthony Duclair in Pirates zone.
5:49 of 1st period - Wrist shot by Ryan Hamilton.
5:49 of 1st period - Stopped by Matt Hackett with a rebound.
5:53 of 1st period - Slapshot by Marek Hrivik.
5:53 of 1st period - Shot Blocked by Daniel Carcillo.
6:18 of 1st period - Minor Penalty to Kerby Rychel for Holding.
6:19 of 1st period - Zack Stortini wins face-off versus Ryan Hamilton in Pirates zone.
6:25 of 1st period - Snap shot by Marek Hrivik.
6:25 of 1st period - Shot Blocked by Zack Stortini.
7:20 of 1st period - Penalty to Reid McNeill is over, Reid McNeill is back on ice.
7:24 of 1st period - Reid McNeill is hit by Ryan Hamilton and loses puck.
7:41 of 1st period - Rylan Schwartz is hit by Will O'Neill.
7:53 of 1st period - Snap shot by Jayson Megna.
7:53 of 1st period - Shot Misses the Net.
8:14 of 1st period - Johan Sundstrom is hit by Mark Fistric and loses puck.
8:18 of 1st period - Penalty to Kerby Rychel is over, Kerby Rychel is back on ice.
8:45 of 1st period - Steve Spinell is hit by Bobby Farnham.
9:13 of 1st period - Slapshot by Andy Andreoff.
9:13 of 1st period - Deflect By Zack Stortini.
9:13 of 1st period - Shot Blocked by Andrey Pedan.
9:13 of 1st period - Puck is out of play.
9:14 of 1st period - Zack Stortini wins face-off versus Vincent Lecavalier in Pirates zone.
10:35 of 1st period - Snap shot by Louis Leblanc.
10:35 of 1st period - Stopped by Matt Hackett without a rebound.
10:36 of 1st period - Danny Kristo wins face-off versus Bobby Farnham in Pirates zone.
10:43 of 1st period - Bobby Farnham is hit by Tim Erixon and loses puck.
11:31 of 1st period - Snap shot by Anthony Duclair.
11:31 of 1st period - Shot Misses the Net.
12:11 of 1st period - Icing by Ryan Hamilton.
12:12 of 1st period - Bobby Farnham wins face-off versus Johan Sundstrom in Barracuda zone.
12:22 of 1st period - Snap shot by Martin Frk.
12:22 of 1st period - Shot Blocked by Maxime Fortunus.
12:24 of 1st period - Backhand shot by Johan Sundstrom.
12:24 of 1st period - Stopped by Joey MacDonald with a rebound.
12:26 of 1st period - Slapshot by Andrey Pedan.
12:26 of 1st period - Shot Misses the Net.
12:51 of 1st period - Bobby Farnham is hit by Zack Stortini and loses puck.
13:51 of 1st period - Icing by Alexandre Bolduc.
13:52 of 1st period - Ryan Potulny wins face-off versus Ryan Hamilton in Barracuda zone.
14:07 of 1st period - Johan Sundstrom is hit by Andy Andreoff and loses puck.
14:34 of 1st period - Snap shot by Ryan Hamilton.
14:34 of 1st period - Shot Misses the Net.
14:53 of 1st period - Minor Penalty to Andrey Pedan for Hooking.
14:54 of 1st period - Henrik Samuelsson wins face-off versus Vincent Lecavalier in Pirates zone.
15:12 of 1st period - Snap shot by Andy Andreoff.
15:12 of 1st period - Stopped by Matt Hackett with a rebound.
15:34 of 1st period - Wrist shot by Marek Hrivik.
15:34 of 1st period - Stopped by Matt Hackett without a rebound.
15:35 of 1st period - Kerby Rychel wins face-off versus Ryan Hamilton in Pirates zone.
15:48 of 1st period - Kerby Rychel is hit by Jayson Megna.
15:52 of 1st period - Wrist shot by Vincent Lecavalier.
15:52 of 1st period - Shot Blocked by Kerby Rychel.
15:54 of 1st period - Wrist shot by Jayson Megna.
15:54 of 1st period - Goal by Jayson Megna - Pirates : 0 - Barracuda : 1.
15:55 of 1st period - Bobby Farnham wins face-off versus Danny Kristo in neutral zone.
16:12 of 1st period - Snap shot by Bobby Farnham.
16:12 of 1st period - Stopped by Matt Hackett with a rebound.
16:14 of 1st period - Snap shot by Maxime Fortunus.
16:14 of 1st period - Shot Blocked by Steve Spinell.
16:47 of 1st period - Kerby Rychel is hit by Vincent Lecavalier and loses puck.
17:04 of 1st period - Danny Syvret is hit by Will O'Neill and loses puck.
17:13 of 1st period - Henrik Samuelsson is hit by Ryan Hamilton and loses puck.
17:30 of 1st period - Maxime Fortunus is hit by Kerby Rychel and loses puck.
18:59 of 1st period - Bobby Farnham is hit by Zack Stortini and loses puck.
19:19 of 1st period - Off-side.
19:20 of 1st period - Ryan Potulny wins face-off versus Vincent Lecavalier in neutral zone.
19:23 of 1st period - Jayson Megna is hit by Steve Spinell and loses puck.
19:38 of 1st period - Joey Mormina is hit by Andrey Pedan and loses puck.
19:58 of 1st period - Maxime Fortunus is hit by Steve Spinell and loses puck.
Goals for this period are 0 for Pirates vs 1 for Barracuda.
Shots for this period are 4 for Pirates vs 8 for Barracuda.

2nd period


0:01 of 2nd period - Jayson Megna wins face-off versus Anthony Duclair in neutral zone.
0:08 of 2nd period - Wrist shot by Andy Andreoff.
0:08 of 2nd period - Shot Blocked by Tim Erixon.
0:34 of 2nd period - Wrist shot by Anthony Duclair.
0:34 of 2nd period - Shot Misses the Net.
0:36 of 2nd period - Slapshot by Tim Erixon.
0:36 of 2nd period - Shot Misses the Net.
1:06 of 2nd period - Ryan Hamilton is hit by Zack Stortini and loses puck.
2:48 of 2nd period - Icing by Danny Kristo.
2:49 of 2nd period - Zack Stortini wins face-off versus Vincent Lecavalier in Pirates zone.
3:34 of 2nd period - Joey Mormina is hit by Henrik Samuelsson and loses puck.
5:11 of 2nd period - Wrist shot by Danny Kristo.
5:11 of 2nd period - Stopped by Joey MacDonald with a rebound.
5:27 of 2nd period - Henrik Samuelsson is hit by Danny Syvret and loses puck.
5:45 of 2nd period - Wrist shot by Kerby Rychel.
5:45 of 2nd period - Stopped by Joey MacDonald with a rebound.
6:09 of 2nd period - Johan Sundstrom is hit by Ryan Hamilton and loses puck.
6:36 of 2nd period - Wrist shot by Andy Andreoff.
6:36 of 2nd period - Shot Blocked by Will O'Neill.
6:56 of 2nd period - John Persson is hit by Rylan Schwartz and loses puck.
7:41 of 2nd period - Marek Hrivik is hit by Zack Stortini and loses puck.
8:08 of 2nd period - Snap shot by Kerby Rychel.
8:08 of 2nd period - Shot Misses the Net.
8:10 of 2nd period - Wrist shot by Kerby Rychel.
8:10 of 2nd period - Stopped by Joey MacDonald without a rebound.
8:11 of 2nd period - Vincent Lecavalier wins face-off versus Ryan Potulny in Barracuda zone.
9:59 of 2nd period - Icing by Patrick McNeill.
10:00 of 2nd period - Vincent Lecavalier wins face-off versus Anthony Duclair in Barracuda zone.
10:29 of 2nd period - Snap shot by Danny Kristo.
10:29 of 2nd period - Shot Misses the Net.
11:48 of 2nd period - Slapshot by Taylor Chorney.
11:48 of 2nd period - Shot Blocked by Sebastian Collberg.
11:50 of 2nd period - Slapshot by Bobby Farnham.
11:50 of 2nd period - Shot Misses the Net.
11:52 of 2nd period - Snap shot by Dominik Uher.
11:52 of 2nd period - Shot Blocked by Steve Spinell.
11:54 of 2nd period - Snap shot by Dominik Uher.
11:54 of 2nd period - Shot Misses the Net.
11:56 of 2nd period - Wrist shot by Bobby Farnham.
11:56 of 2nd period - Shot Misses the Net.
11:58 of 2nd period - Slapshot by Louis Leblanc.
11:58 of 2nd period - Stopped by Matt Hackett without a rebound.
11:59 of 2nd period - Johan Sundstrom wins face-off versus Bobby Farnham in Pirates zone.
12:50 of 2nd period - Snap shot by Ryan Hamilton.
12:50 of 2nd period - Deflect By Alexandre Bolduc.
12:50 of 2nd period - Stopped by Matt Hackett with a rebound.
13:30 of 2nd period - Wrist shot by Anthony Duclair.
13:30 of 2nd period - Deflect By Daniel Carcillo.
13:30 of 2nd period - Shot Misses the Net.
13:30 of 2nd period - Puck is out of play.
13:31 of 2nd period - Johan Sundstrom wins face-off versus Jayson Megna in Barracuda zone.
13:46 of 2nd period - Ryan Potulny is hit by Jayson Megna and loses puck.
14:38 of 2nd period - Snap shot by Danny Kristo.
14:38 of 2nd period - Shot Misses the Net.
14:40 of 2nd period - Backhand shot by C.J. Ludwig.
14:40 of 2nd period - Stopped by Joey MacDonald with a rebound.
15:14 of 2nd period - Reid McNeill is hit by Jayson Megna.
15:24 of 2nd period - Maxime Fortunus is hit by Reid McNeill and loses puck.
15:29 of 2nd period - Wrist shot by Henrik Samuelsson.
15:29 of 2nd period - Stopped by Joey MacDonald with a rebound.
15:35 of 2nd period - Wrist shot by John Persson.
15:35 of 2nd period - Shot Blocked by Maxime Fortunus.
15:53 of 2nd period - Vincent Lecavalier is hit by Daniel Carcillo and loses puck.
16:30 of 2nd period - Steve Spinell is hit by Bobby Farnham.
17:11 of 2nd period - Taylor Chorney is hit by Zack Stortini and loses puck.
17:38 of 2nd period - Taylor Chorney is hit by Andrey Pedan and loses puck.
17:59 of 2nd period - Snap shot by Andy Andreoff.
17:59 of 2nd period - Shot Misses the Net.
18:01 of 2nd period - Snap shot by Andy Andreoff.
18:01 of 2nd period - Deflect By Vincent Lecavalier.
18:01 of 2nd period - Shot Blocked by Will O'Neill.
18:01 of 2nd period - Puck is out of play.
18:02 of 2nd period - Ryan Potulny wins face-off versus Vincent Lecavalier in Pirates zone.
18:51 of 2nd period - Joey Mormina is hit by Reid McNeill and loses puck.
19:59 of 2nd period - Snap shot by Zack Stortini.
19:59 of 2nd period - Stopped by Joey MacDonald with a rebound.
Goals for this period are 0 for Pirates vs 0 for Barracuda.
Shots for this period are 6 for Pirates vs 2 for Barracuda.

3rd period


0:01 of 3rd period - Vincent Lecavalier wins face-off versus Anthony Duclair in neutral zone.
0:04 of 3rd period - Henrik Samuelsson is hit by Joey Mormina and loses puck.
1:00 of 3rd period - Kerby Rychel is hit by Andy Andreoff and loses puck.
1:11 of 3rd period - Slapshot by Ryan Hamilton.
1:11 of 3rd period - Stopped by Matt Hackett with a rebound.
1:13 of 3rd period - Slapshot by Maxime Fortunus.
1:13 of 3rd period - Stopped by Matt Hackett without a rebound.
1:14 of 3rd period - Ryan Hamilton wins face-off versus Johan Sundstrom in Pirates zone.
1:27 of 3rd period - Wrist shot by Alexandre Bolduc.
1:27 of 3rd period - Stopped by Matt Hackett with a rebound.
1:51 of 3rd period - Slapshot by Ryan Hamilton.
1:51 of 3rd period - Shot Misses the Net.
2:01 of 3rd period - Zack Stortini is hit by Louis Leblanc and loses puck.
2:06 of 3rd period - Slapshot by Bobby Farnham.
2:06 of 3rd period - Shot Hit the Post.
2:08 of 3rd period - Snap shot by Danny Syvret.
2:08 of 3rd period - Shot Misses the Net.
2:33 of 3rd period - Double Minor Penalty to Tim Erixon for Roughing.
2:34 of 3rd period - Vincent Lecavalier wins face-off versus Henrik Samuelsson in Pirates zone.
3:27 of 3rd period - Henrik Samuelsson is hit by Mark Fistric and loses puck.
4:57 of 3rd period - Andrey Pedan is hit by Ryan Hamilton and loses puck.
5:17 of 3rd period - Snap shot by Vincent Lecavalier.
5:17 of 3rd period - Deflect By Andy Andreoff.
5:17 of 3rd period - Shot Misses the Net.
5:17 of 3rd period - Puck is out of play.
5:18 of 3rd period - Vincent Lecavalier wins face-off versus Zack Stortini in Pirates zone.
5:43 of 3rd period - Will O'Neill is hit by Ryan Hamilton.
5:51 of 3rd period - Ryan Potulny is hit by Danny Syvret and loses puck.
6:02 of 3rd period - Will O'Neill is hit by Taylor Chorney and loses puck.
6:26 of 3rd period - Snap shot by Johan Sundstrom.
6:26 of 3rd period - Stopped by Joey MacDonald with a rebound.
6:33 of 3rd period - Penalty to Tim Erixon is over, Tim Erixon is back on ice.
6:54 of 3rd period - Wrist shot by Daniel Carcillo.
6:54 of 3rd period - Stopped by Joey MacDonald with a rebound.
7:43 of 3rd period - Louis Leblanc is hit by Martin Frk and loses puck.
7:56 of 3rd period - Patrick McNeill is hit by Martin Frk and loses puck.
8:07 of 3rd period - Snap shot by Bobby Farnham.
8:07 of 3rd period - Stopped by Matt Hackett with a rebound.
8:09 of 3rd period - Slapshot by Bobby Farnham.
8:09 of 3rd period - Stopped by Matt Hackett with a rebound.
8:21 of 3rd period - Alexandre Bolduc is hit by Martin Frk and loses puck.
8:54 of 3rd period - Snap shot by Ryan Hamilton.
8:54 of 3rd period - Stopped by Matt Hackett with a rebound.
9:52 of 3rd period - Wrist shot by Ryan Hamilton.
9:52 of 3rd period - Stopped by Matt Hackett without a rebound.
9:53 of 3rd period - Ryan Hamilton wins face-off versus Ryan Potulny in Pirates zone.
10:56 of 3rd period - Wrist shot by Kerby Rychel.
10:56 of 3rd period - Deflect By Sebastian Collberg.
10:56 of 3rd period - Shot Misses the Net.
10:56 of 3rd period - Puck is out of play.
10:57 of 3rd period - Ryan Potulny wins face-off versus Louis Leblanc in Barracuda zone.
12:04 of 3rd period - Snap shot by Henrik Samuelsson.
12:04 of 3rd period - Stopped by Joey MacDonald without a rebound.
12:05 of 3rd period - Ryan Potulny wins face-off versus Ryan Hamilton in Barracuda zone.
12:44 of 3rd period - Wrist shot by Kerby Rychel.
12:44 of 3rd period - Stopped by Joey MacDonald with a rebound.
13:00 of 3rd period - Johan Sundstrom is hit by Alexandre Bolduc and loses puck.
13:29 of 3rd period - Snap shot by Dominik Uher.
13:29 of 3rd period - Shot Misses the Net.
13:33 of 3rd period - Slapshot by Dominik Uher.
13:33 of 3rd period - Shot Misses the Net.
13:37 of 3rd period - Wrist shot by Bobby Farnham.
13:37 of 3rd period - Shot Blocked by Kerby Rychel.
13:39 of 3rd period - Snap shot by Maxime Fortunus.
13:39 of 3rd period - Deflect By Bobby Farnham.
13:39 of 3rd period - Stopped by Matt Hackett with a rebound.
13:41 of 3rd period - Slapshot by Patrick McNeill.
13:41 of 3rd period - Shot Misses the Net.
14:03 of 3rd period - Zack Stortini is hit by Vincent Lecavalier and loses puck.
14:11 of 3rd period - Icing by Johan Sundstrom.
14:12 of 3rd period - Daniel Carcillo wins face-off versus Bobby Farnham in Pirates zone.
14:35 of 3rd period - Tim Erixon is hit by Maxime Fortunus and loses puck.
15:02 of 3rd period - Steve Spinell is hit by Bobby Farnham and loses puck.
15:30 of 3rd period - Vincent Lecavalier is hit by Kerby Rychel and loses puck.
16:01 of 3rd period - Snap shot by Louis Leblanc.
16:01 of 3rd period - Stopped by Matt Hackett with a rebound.
16:03 of 3rd period - Snap shot by Louis Leblanc.
16:03 of 3rd period - Shot Blocked by Will O'Neill.
16:21 of 3rd period - Snap shot by Mark Fistric.
16:21 of 3rd period - Shot Misses the Net.
17:25 of 3rd period - Joey Mormina is hit by Andrey Pedan and loses puck.
17:45 of 3rd period - Slapshot by Taylor Chorney.
17:45 of 3rd period - Stopped by Matt Hackett without a rebound.
17:46 of 3rd period - Johan Sundstrom wins face-off versus Jayson Megna in Pirates zone.
18:48 of 3rd period - Maxime Fortunus is hit by C.J. Ludwig and loses puck.
18:57 of 3rd period - Wrist shot by Sebastian Collberg.
18:57 of 3rd period - Shot Misses the Net.
19:20 of 3rd period - Snap shot by Alexandre Bolduc.
19:20 of 3rd period - Stopped by Matt Hackett with a rebound.
Goals for this period are 0 for Pirates vs 0 for Barracuda.
Shots for this period are 4 for Pirates vs 11 for Barracuda.